Connexion

NEW JERSEY Devils vs PITTSBURGH Penguins (R4)

Created - 3 novembre 2023 at 05:17

Goals
1 2 3 OT1 SO T
NEW JERSEY Devils 2 1 1 0 1 4
PITTSBURGH Penguins 2 2 0 0 2 5
Shots
1 2 3 OT1 SO T
NEW JERSEY Devils 6 8 8 2 3 24
PITTSBURGH Penguins 7 9 10 5 3 31

GoalsPenalties
1st period
1. NEW JERSEY Devils , Troy Terry 7 (Samuel Girard 18, Sam Bennett 8) at 2:36
2. NEW JERSEY Devils , Samuel Girard 12 (Bryan Little 8, Shayne Gostisbehere 25) at 3:05
3. PITTSBURGH Penguins , Jared Spurgeon 4 (Brad Marchand 19, Jake Gardiner 13) at 12:37
4. PITTSBURGH Penguins , Connor McDavid 16 (Brad Marchand 20, Adam Larsson 11) at 13:06
Trevor Carrick (PIT) for Interference (Minor) at 9:05
Oliver Bjorkstrand (PIT) for Roughing (Minor) at 12:13
Jordan Harris (N.J) for Tripping (Minor) at 12:13
Brad Marchand (PIT) for Tripping (Minor) at 19:22
2nd period
5. PITTSBURGH Penguins , Gustav Nyquist 11 (Andrei Svechnikov 15, Jared Spurgeon 22) at 4:52
6. NEW JERSEY Devils , Anton Lundell 12 (Brent Burns 16) at 8:13
7. PITTSBURGH Penguins , Vitali Kravtsov 5 (Trevor Carrick 9, Justin Kloos 3) at 13:39
Trevor Carrick (PIT) for Roughing (Minor) at 1:45
Trevor Carrick (PIT) for Roughing (Minor) at 10:15
Oliver Bjorkstrand (PIT) for Interference (Minor) at 14:44
Brent Burns (N.J) for Roughing (Minor) at 19:12
3rd period
8. NEW JERSEY Devils , Roope Hintz 7 (Evgeni Malkin 15) at 7:30
Erik Johnson (N.J) for Slashing (Minor) at 9:51
Adam Larsson (PIT) for Holding (Minor) at 17:36
Overtime #1
No Goal
Shootout
NEW JERSEY Devils, Evgeni Malkin - Shot Misses the Net
PITTSBURGH Penguins, Connor McDavid - Stopped by Jack Campbell
NEW JERSEY Devils, Anton Lundell - Goal!
PITTSBURGH Penguins, Brad Marchand - Goal!
NEW JERSEY Devils, Max Domi - Stopped by Darcy Kuemper
PITTSBURGH Penguins, Oliver Bjorkstrand - Goal!
Goalie Stats
Jack Campbell (N.J), 27 saves from 31 shots - (0,871), OTL, 5-2-5, 65:00 minutes
Darcy Kuemper (PIT), 20 saves from 24 shots - (0,833), W, 15-11-5, 65:00 minutes
3 StarsOfficial
1 - Samuel Girard (N.J)
2 - Jared Spurgeon (PIT)
3 - Connor McDavid (PIT)
Referees : Dennis LaRue and Marc Joannette
Linesman : Tony Sericolo and Greg Devorski
Game Note
No Game Note
Finance
Level 1 -- Attendance: 5140 (85,67%) -- Ticket Income 735 020 $
Level 2 -- Attendance: 4661 (86,52%) -- Ticket Income 419 490 $
Level 3 -- Attendance: 1809 (90,45%) -- Ticket Income 95 877 $
Level 4 -- Attendance: 4000 (100,00%) -- Ticket Income 140 000 $
Luxury Box -- Attendance: 976 (97,60%) -- Ticket Income 292 800 $
Game was played at the Consol Energy Center.
Total Attendance: 16586 (90,21%)
Total Ticket Income: 1 683 187 $
Other Income: 336 637 $
Total Income: 2 019 824 $



Team Name Goals Shots Shots Attemp Shots Blocked PIM HIT PP PK FO%
NEW JERSEY Devils 4245396270 / 6 (0%)053%
PITTSBURGH Penguins 53166914190 / 2 (0%)047%

NEW JERSEY Devils
Player Name POS G A P +/- PIM HIT SHT SB MP PP MP PP SHT PK MP PK SHT FO% FOT
Anton LundellC1010012016:105:5700:41041% 17
Brent BurnsD011-1200017:360:4600:3600% 0
Bryan LittleC/RW0110010010:120:0003:11033% 12
Erik JohnsonD0000210113:150:0001:1500% 0
Evgeni MalkinC/RW0111002020:545:5710:00073% 15
Jordan HarrisD0001240121:115:3401:3500% 0
Kirill MarchenkoRW0001000014:110:0000:0000% 1
Mark StoneRW0000012015:245:5700:4100% 0
Max DomiC/LW000-1022022:205:5710:06052% 33
Oliver KylingtonD0000030125:384:4801:3300% 0
Rem PitlickC/LW/RW000000007:010:0000:0000% 0
Roope HintzC/LW101-1012021:215:5700:000100% 2
Sam BennettC/LW0111042020:155:5710:000100% 1
Samuel GirardD1120053123:426:2012:5700% 0
Sean KuralyC/LW000001009:080:0000:000100% 4
Shayne GostisbehereD0110023523:356:2020:0000% 0
Tomas TatarLW/RW0000015011:530:0000:1400% 0
Troy TerryRW1011001015:140:0003:0300% 1
PITTSBURGH Penguins
Player Name POS G A P +/- PIM HIT SHT SB MP PP MP PP SHT PK MP PK SHT FO% FOT
Adam LarssonD0110211122:240:5014:4800% 0
Alexander BarabanovLW/RW0000001013:390:0000:00050% 2
Andrei SvechnikovLW/RW0110031013:360:5000:000100% 1
Brad MarchandLW/RW0220223223:253:0806:1800% 0
Connor McDavidC1010014024:513:0817:43049% 39
Gustav NyquistC/LW/RW1010004013:360:5000:0000% 2
Jake GardinerD011-1021428:153:0815:5300% 0
Jared Spurgeon D112-1033025:173:0816:0900% 0
Justin KloosC/RW011000207:380:0000:00038% 8
Kevin ConnautonD0001030014:200:0001:1300% 0
Matthew NietoLW/RW0000022014:110:0000:3600% 0
Milan LucicLW000001105:420:0000:0000% 0
Oliver Bjorkstrand LW/RW000-2403019:073:0812:5400% 2
Ross ColtonC0000013016:090:0002:31053% 17
Trevor CarrickD0111600013:040:0000:0000% 0
Victor HedmanD0000000021:360:5005:4500% 0
Vitali KravtsovRW101000105:420:0000:0000% 0
William NylanderC/RW0000001218:280:5003:46047% 15



Play-by-Play

1st period


0:01 of 1st period - Max Domi wins face-off versus Connor McDavid in neutral zone.
0:12 of 1st period - Jared Spurgeon is hit by Sam Bennett.
0:28 of 1st period - Shot by Max Domi.
0:28 of 1st period - Shot Blocked by Brad Marchand.
0:35 of 1st period - Jake Gardiner is hit by Samuel Girard and loses puck.
0:40 of 1st period - Shot by Brad Marchand.
0:40 of 1st period - Stopped by Jack Campbell without a rebound.
0:41 of 1st period - Evgeni Malkin wins face-off versus William Nylander in NEW JERSEY Devils zone.
2:22 of 1st period - Shot by Mark Stone.
2:22 of 1st period - Shot Misses the Net.
2:24 of 1st period - Shot by Tomas Tatar.
2:24 of 1st period - Stopped by Darcy Kuemper without a rebound.
2:25 of 1st period - Max Domi wins face-off versus Connor McDavid in PITTSBURGH Penguins zone.
2:34 of 1st period - Shot by Samuel Girard.
2:34 of 1st period - Stopped by Darcy Kuemper with a rebound.
2:36 of 1st period - Shot by Troy Terry.
2:36 of 1st period - Goal by Troy Terry - NEW JERSEY Devils : 1 - PITTSBURGH Penguins : 0.
2:37 of 1st period - Sean Kuraly wins face-off versus Justin Kloos in neutral zone.
2:52 of 1st period - Jared Spurgeon is hit by Sean Kuraly and loses puck.
3:03 of 1st period - Shot by Bryan Little.
3:03 of 1st period - Shot Misses the Net.
3:05 of 1st period - Shot by Samuel Girard.
3:05 of 1st period - Goal by Samuel Girard - NEW JERSEY Devils : 2 - PITTSBURGH Penguins : 0.
3:06 of 1st period - Connor McDavid wins face-off versus Max Domi in neutral zone.
4:01 of 1st period - Jared Spurgeon is hit by Max Domi and loses puck.
4:30 of 1st period - Shot by Roope Hintz.
4:30 of 1st period - Shot Misses the Net.
4:46 of 1st period - Shot by Evgeni Malkin.
4:46 of 1st period - Shot Hit the Post.
5:41 of 1st period - Shot by Ross Colton.
5:41 of 1st period - Shot Misses the Net.
5:49 of 1st period - Matthew Nieto is hit by Tomas Tatar.
5:53 of 1st period - Anton Lundell is hit by Matthew Nieto and loses puck.
6:25 of 1st period - Shot by Oliver Bjorkstrand .
6:25 of 1st period - Shot Misses the Net.
6:27 of 1st period - Shot by Adam Larsson.
6:27 of 1st period - Shot Misses the Net.
7:38 of 1st period - Shot by Troy Terry.
7:38 of 1st period - Shot Misses the Net.
8:08 of 1st period - Shot by William Nylander.
8:08 of 1st period - Stopped by Jack Campbell without a rebound.
8:09 of 1st period - Ross Colton wins face-off versus Bryan Little in NEW JERSEY Devils zone.
8:16 of 1st period - Shot by Alexander Barabanov.
8:16 of 1st period - Shot Blocked by Shayne Gostisbehere.
8:24 of 1st period - Shot by Ross Colton.
8:24 of 1st period - Shot Misses the Net.
9:05 of 1st period - Minor Penalty to Trevor Carrick for Interference.
9:06 of 1st period - Max Domi wins face-off versus Connor McDavid in PITTSBURGH Penguins zone.
9:21 of 1st period - Shot by Max Domi.
9:21 of 1st period - Shot Blocked by Jake Gardiner.
9:25 of 1st period - Shot by Brent Burns.
9:25 of 1st period - Shot Misses the Net.
9:27 of 1st period - Shot by Brent Burns.
9:27 of 1st period - Shot Blocked by Jake Gardiner.
10:03 of 1st period - Icing by Jordan Harris.
10:04 of 1st period - Connor McDavid wins face-off versus Anton Lundell in NEW JERSEY Devils zone.
11:42 of 1st period - Off-side.
11:43 of 1st period - William Nylander wins face-off versus Max Domi in neutral zone.
12:02 of 1st period - Shot by Gustav Nyquist.
12:02 of 1st period - Stopped by Jack Campbell without a rebound.
12:03 of 1st period - Evgeni Malkin wins face-off versus Oliver Bjorkstrand in NEW JERSEY Devils zone.
12:13 of 1st period - Minor Penalty to Oliver Bjorkstrand for Roughing.
12:13 of 1st period - Minor Penalty to Jordan Harris for Tripping.
12:14 of 1st period - Roope Hintz wins face-off versus Connor McDavid in NEW JERSEY Devils zone.
12:20 of 1st period - Shayne Gostisbehere is hit by Jake Gardiner and loses puck.
12:33 of 1st period - Shot by Brad Marchand.
12:33 of 1st period - Shot Blocked by Shayne Gostisbehere.
12:35 of 1st period - Shot by Jared Spurgeon .
12:35 of 1st period - Shot Blocked by Shayne Gostisbehere.
12:37 of 1st period - Shot by Jared Spurgeon .
12:37 of 1st period - Goal by Jared Spurgeon - NEW JERSEY Devils : 2 - PITTSBURGH Penguins : 1.
12:38 of 1st period - Connor McDavid wins face-off versus Max Domi in neutral zone.
12:49 of 1st period - Roope Hintz is hit by Brad Marchand and loses puck.
12:57 of 1st period - Brad Marchand is hit by Oliver Kylington and loses puck.
13:04 of 1st period - Shot by Connor McDavid.
13:04 of 1st period - Shot Misses the Net.
13:06 of 1st period - Shot by Brad Marchand.
13:06 of 1st period - Deflect By Connor McDavid.
13:06 of 1st period - Goal by Connor McDavid - NEW JERSEY Devils : 2 - PITTSBURGH Penguins : 2.
13:07 of 1st period - Alexander Barabanov wins face-off versus Anton Lundell in neutral zone.
13:07 of 1st period - Alexander Barabanov is hit by Anton Lundell.
13:31 of 1st period - Shot by Alexander Barabanov.
13:31 of 1st period - Shot Misses the Net.
13:43 of 1st period - Shot by Samuel Girard.
13:43 of 1st period - Deflect By Anton Lundell.
13:43 of 1st period - Shot Blocked by William Nylander.
13:52 of 1st period - Icing by Jake Gardiner.
13:53 of 1st period - Max Domi wins face-off versus Alexander Barabanov in PITTSBURGH Penguins zone.
13:58 of 1st period - Shot by Max Domi.
13:58 of 1st period - Shot Misses the Net.
14:19 of 1st period - Brad Marchand is hit by Jordan Harris and loses puck.
15:25 of 1st period - Shot by Roope Hintz.
15:25 of 1st period - Shot Misses the Net.
15:41 of 1st period - Shot by Milan Lucic.
15:41 of 1st period - Shot Misses the Net.
15:57 of 1st period - Shot by Milan Lucic.
15:57 of 1st period - Stopped by Jack Campbell without a rebound.
15:58 of 1st period - Max Domi wins face-off versus William Nylander in NEW JERSEY Devils zone.
15:58 of 1st period - Max Domi is hit by Andrei Svechnikov.
16:25 of 1st period - Off-side.
16:26 of 1st period - Ross Colton wins face-off versus Anton Lundell in neutral zone.
16:26 of 1st period - Ross Colton is hit by Mark Stone.
16:38 of 1st period - Shot by Matthew Nieto.
16:38 of 1st period - Shot Misses the Net.
17:15 of 1st period - Icing by Matthew Nieto.
17:16 of 1st period - Ross Colton wins face-off versus Troy Terry in PITTSBURGH Penguins zone.
17:20 of 1st period - Icing by Alexander Barabanov.
17:21 of 1st period - Ross Colton wins face-off versus Max Domi in PITTSBURGH Penguins zone.
17:21 of 1st period - Matthew Nieto is hit by Sam Bennett.
17:55 of 1st period - Shot by Max Domi.
17:55 of 1st period - Stopped by Darcy Kuemper without a rebound.
17:56 of 1st period - Evgeni Malkin wins face-off versus William Nylander in PITTSBURGH Penguins zone.
18:03 of 1st period - Shot by Kirill Marchenko.
18:03 of 1st period - Shot Misses the Net.
18:05 of 1st period - Shot by Evgeni Malkin.
18:05 of 1st period - Deflect By Roope Hintz.
18:05 of 1st period - Stopped by Darcy Kuemper without a rebound.
18:06 of 1st period - Evgeni Malkin wins face-off versus William Nylander in PITTSBURGH Penguins zone.
18:57 of 1st period - Icing by Oliver Kylington.
18:58 of 1st period - Connor McDavid wins face-off versus Evgeni Malkin in NEW JERSEY Devils zone.
18:59 of 1st period - Shot by Brad Marchand.
18:59 of 1st period - Shot Misses the Net.
19:01 of 1st period - Shot by Oliver Bjorkstrand .
19:01 of 1st period - Stopped by Jack Campbell without a rebound.
19:02 of 1st period - Connor McDavid wins face-off versus Max Domi in NEW JERSEY Devils zone.
19:02 of 1st period - Jake Gardiner is hit by Samuel Girard and loses puck.
19:22 of 1st period - Minor Penalty to Brad Marchand for Tripping.
19:23 of 1st period - Anton Lundell wins face-off versus Connor McDavid in PITTSBURGH Penguins zone.
Goals for this period are 2 for NEW JERSEY Devils vs 2 for PITTSBURGH Penguins.
Shots for this period are 6 for NEW JERSEY Devils vs 7 for PITTSBURGH Penguins.

2nd period


0:01 of 2nd period - Max Domi wins face-off versus Connor McDavid in neutral zone.
0:11 of 2nd period - Evgeni Malkin is hit by Jared Spurgeon and loses puck.
0:16 of 2nd period - Shot by Evgeni Malkin.
0:16 of 2nd period - Stopped by Darcy Kuemper with a rebound.
0:18 of 2nd period - Shot by Shayne Gostisbehere.
0:18 of 2nd period - Stopped by Darcy Kuemper without a rebound.
0:19 of 2nd period - Connor McDavid wins face-off versus Anton Lundell in PITTSBURGH Penguins zone.
0:19 of 2nd period - Connor McDavid is hit by Sam Bennett.
1:45 of 2nd period - Minor Penalty to Trevor Carrick for Roughing.
1:46 of 2nd period - Max Domi wins face-off versus Connor McDavid in PITTSBURGH Penguins zone.
1:53 of 2nd period - Roope Hintz is hit by Brad Marchand and loses puck.
3:58 of 2nd period - Icing by Justin Kloos.
3:59 of 2nd period - Bryan Little wins face-off versus Justin Kloos in PITTSBURGH Penguins zone.
3:59 of 2nd period - Brent Burns is hit by Kevin Connauton and loses puck.
4:34 of 2nd period - Shot by Vitali Kravtsov.
4:34 of 2nd period - Deflect By Justin Kloos.
4:34 of 2nd period - Stopped by Jack Campbell with a rebound.
4:46 of 2nd period - Shot by Jared Spurgeon .
4:46 of 2nd period - Stopped by Jack Campbell with a rebound.
4:50 of 2nd period - Shot by Andrei Svechnikov.
4:50 of 2nd period - Shot Blocked by Erik Johnson.
4:52 of 2nd period - Shot by Gustav Nyquist.
4:52 of 2nd period - Goal by Gustav Nyquist - NEW JERSEY Devils : 2 - PITTSBURGH Penguins : 3.
4:53 of 2nd period - Anton Lundell wins face-off versus Connor McDavid in neutral zone.
4:59 of 2nd period - Icing by Brad Marchand.
5:00 of 2nd period - Evgeni Malkin wins face-off versus Connor McDavid in PITTSBURGH Penguins zone.
5:08 of 2nd period - Connor McDavid is hit by Samuel Girard and loses puck.
5:12 of 2nd period - Brad Marchand is hit by Samuel Girard and loses puck.
5:31 of 2nd period - Shot by Brad Marchand.
5:31 of 2nd period - Stopped by Jack Campbell without a rebound.
5:32 of 2nd period - Max Domi wins face-off versus William Nylander in NEW JERSEY Devils zone.
5:46 of 2nd period - Icing by Oliver Kylington.
5:47 of 2nd period - Sam Bennett wins face-off versus Ross Colton in NEW JERSEY Devils zone.
7:05 of 2nd period - Shot by Oliver Bjorkstrand .
7:05 of 2nd period - Shot Misses the Net.
7:07 of 2nd period - Shot by Connor McDavid.
7:07 of 2nd period - Shot Misses the Net.
7:18 of 2nd period - Oliver Bjorkstrand is hit by Shayne Gostisbehere and loses puck.
7:35 of 2nd period - Shot by Connor McDavid.
7:35 of 2nd period - Stopped by Jack Campbell without a rebound.
7:36 of 2nd period - William Nylander wins face-off versus Anton Lundell in NEW JERSEY Devils zone.
8:13 of 2nd period - Shot by Anton Lundell.
8:13 of 2nd period - Goal by Anton Lundell - NEW JERSEY Devils : 3 - PITTSBURGH Penguins : 3.
8:14 of 2nd period - Connor McDavid wins face-off versus Max Domi in neutral zone.
8:44 of 2nd period - Icing by Max Domi.
8:45 of 2nd period - Ross Colton wins face-off versus Max Domi in NEW JERSEY Devils zone.
8:45 of 2nd period - Trevor Carrick is hit by Jordan Harris and loses puck.
9:10 of 2nd period - Shot by Alexander Barabanov.
9:10 of 2nd period - Deflect By Matthew Nieto.
9:10 of 2nd period - Shot Blocked by Jordan Harris.
9:45 of 2nd period - Shot by Evgeni Malkin.
9:45 of 2nd period - Stopped by Darcy Kuemper with a rebound.
10:02 of 2nd period - Kirill Marchenko is hit by Kevin Connauton and loses puck.
10:06 of 2nd period - Icing by Trevor Carrick.
10:07 of 2nd period - Ross Colton wins face-off versus Anton Lundell in PITTSBURGH Penguins zone.
10:15 of 2nd period - Minor Penalty to Trevor Carrick for Roughing.
10:16 of 2nd period - Connor McDavid wins face-off versus Anton Lundell in PITTSBURGH Penguins zone.
10:29 of 2nd period - Shot by Samuel Girard.
10:29 of 2nd period - Stopped by Darcy Kuemper without a rebound.
10:30 of 2nd period - Max Domi wins face-off versus Connor McDavid in PITTSBURGH Penguins zone.
10:33 of 2nd period - Shot by Evgeni Malkin.
10:33 of 2nd period - Shot Blocked by Jake Gardiner.
10:35 of 2nd period - Shot by Oliver Kylington.
10:35 of 2nd period - Shot Misses the Net.
10:55 of 2nd period - Shot by Max Domi.
10:55 of 2nd period - Shot Blocked by Brad Marchand.
12:11 of 2nd period - Shot by Shayne Gostisbehere.
12:11 of 2nd period - Deflect By Mark Stone.
12:11 of 2nd period - Shot Misses the Net.
12:13 of 2nd period - Shot by Anton Lundell.
12:13 of 2nd period - Shot Misses the Net.
12:15 of 2nd period - Shot by Anton Lundell.
12:15 of 2nd period - Stopped by Darcy Kuemper without a rebound.
12:16 of 2nd period - William Nylander wins face-off versus Bryan Little in PITTSBURGH Penguins zone.
12:49 of 2nd period - Bryan Little is hit by Andrei Svechnikov and loses puck.
12:56 of 2nd period - Shot by Gustav Nyquist.
12:56 of 2nd period - Shot Misses the Net.
13:21 of 2nd period - Icing by Trevor Carrick.
13:22 of 2nd period - Justin Kloos wins face-off versus Anton Lundell in PITTSBURGH Penguins zone.
13:39 of 2nd period - Shot by Vitali Kravtsov.
13:39 of 2nd period - Goal by Vitali Kravtsov - NEW JERSEY Devils : 3 - PITTSBURGH Penguins : 4.
13:40 of 2nd period - Evgeni Malkin wins face-off versus Ross Colton in neutral zone.
14:12 of 2nd period - Matthew Nieto is hit by Oliver Kylington and loses puck.
14:21 of 2nd period - Shot by Alexander Barabanov.
14:21 of 2nd period - Shot Misses the Net.
14:23 of 2nd period - Shot by Alexander Barabanov.
14:23 of 2nd period - Shot Misses the Net.
14:44 of 2nd period - Minor Penalty to Oliver Bjorkstrand for Interference.
14:45 of 2nd period - Connor McDavid wins face-off versus Anton Lundell in PITTSBURGH Penguins zone.
15:06 of 2nd period - Shot by Sam Bennett.
15:06 of 2nd period - Stopped by Darcy Kuemper without a rebound.
15:07 of 2nd period - Connor McDavid wins face-off versus Anton Lundell in PITTSBURGH Penguins zone.
15:43 of 2nd period - Shot by Ross Colton.
15:43 of 2nd period - Shot Misses the Net.
15:56 of 2nd period - Off-side.
15:57 of 2nd period - Connor McDavid wins face-off versus Max Domi in neutral zone.
16:32 of 2nd period - Icing by Evgeni Malkin.
16:33 of 2nd period - Ross Colton wins face-off versus Max Domi in NEW JERSEY Devils zone.
16:58 of 2nd period - Shot by Milan Lucic.
16:58 of 2nd period - Shot Misses the Net.
17:03 of 2nd period - Vitali Kravtsov is hit by Erik Johnson and loses puck.
17:42 of 2nd period - Shot by Oliver Bjorkstrand .
17:42 of 2nd period - Deflect By Brad Marchand.
17:42 of 2nd period - Shot Blocked by Shayne Gostisbehere.
18:18 of 2nd period - Shot by Tomas Tatar.
18:18 of 2nd period - Stopped by Darcy Kuemper without a rebound.
18:19 of 2nd period - William Nylander wins face-off versus Max Domi in PITTSBURGH Penguins zone.
18:19 of 2nd period - William Nylander is hit by Sam Bennett.
18:22 of 2nd period - Gustav Nyquist is hit by Max Domi and loses puck.
18:43 of 2nd period - Icing by Adam Larsson.
18:44 of 2nd period - Evgeni Malkin wins face-off versus William Nylander in PITTSBURGH Penguins zone.
19:12 of 2nd period - Minor Penalty to Brent Burns for Roughing.
19:13 of 2nd period - Bryan Little wins face-off versus Connor McDavid in NEW JERSEY Devils zone.
19:22 of 2nd period - Shot by Brad Marchand.
19:22 of 2nd period - Shot Misses the Net.
19:40 of 2nd period - Shot by Oliver Bjorkstrand .
19:40 of 2nd period - Shot Blocked by Samuel Girard.
19:42 of 2nd period - Shot by Connor McDavid.
19:42 of 2nd period - Stopped by Jack Campbell with a rebound.
19:44 of 2nd period - Shot by Jared Spurgeon .
19:44 of 2nd period - Stopped by Jack Campbell without a rebound.
19:45 of 2nd period - Andrei Svechnikov wins face-off versus Bryan Little in NEW JERSEY Devils zone.
19:56 of 2nd period - Shot by Adam Larsson.
19:56 of 2nd period - Stopped by Jack Campbell without a rebound.
19:57 of 2nd period - Bryan Little wins face-off versus Connor McDavid in NEW JERSEY Devils zone.
Goals for this period are 1 for NEW JERSEY Devils vs 2 for PITTSBURGH Penguins.
Shots for this period are 8 for NEW JERSEY Devils vs 9 for PITTSBURGH Penguins.

3rd period


0:01 of 3rd period - Connor McDavid wins face-off versus Bryan Little in neutral zone.
0:01 of 3rd period - Connor McDavid is hit by Bryan Little.
1:13 of 3rd period - Shot by Mark Stone.
1:13 of 3rd period - Stopped by Darcy Kuemper with a rebound.
1:21 of 3rd period - Shot by Gustav Nyquist.
1:21 of 3rd period - Stopped by Jack Campbell without a rebound.
1:22 of 3rd period - Evgeni Malkin wins face-off versus William Nylander in NEW JERSEY Devils zone.
1:26 of 3rd period - Off-side.
1:27 of 3rd period - William Nylander wins face-off versus Evgeni Malkin in neutral zone.
1:34 of 3rd period - Shot by Gustav Nyquist.
1:34 of 3rd period - Shot Misses the Net.
1:36 of 3rd period - Shot by Andrei Svechnikov.
1:36 of 3rd period - Deflect By William Nylander.
1:36 of 3rd period - Shot Misses the Net.
1:44 of 3rd period - Shot by Andrei Svechnikov.
1:44 of 3rd period - Stopped by Jack Campbell without a rebound.
1:45 of 3rd period - Anton Lundell wins face-off versus Ross Colton in NEW JERSEY Devils zone.
1:45 of 3rd period - Anton Lundell is hit by Ross Colton.
2:05 of 3rd period - Shot by Tomas Tatar.
2:05 of 3rd period - Stopped by Darcy Kuemper without a rebound.
2:06 of 3rd period - Max Domi wins face-off versus William Nylander in PITTSBURGH Penguins zone.
2:06 of 3rd period - Troy Terry is hit by Adam Larsson.
2:23 of 3rd period - Off-side.
2:24 of 3rd period - Connor McDavid wins face-off versus Kirill Marchenko in neutral zone.
2:33 of 3rd period - Shot by Shayne Gostisbehere.
2:33 of 3rd period - Shot Misses the Net.
2:56 of 3rd period - Connor McDavid is hit by Shayne Gostisbehere and loses puck.
3:19 of 3rd period - Shot by Troy Terry.
3:19 of 3rd period - Shot Misses the Net.
3:21 of 3rd period - Shot by Max Domi.
3:21 of 3rd period - Shot Misses the Net.
3:43 of 3rd period - Shot by Troy Terry.
3:43 of 3rd period - Shot Misses the Net.
4:27 of 3rd period - Shot by Mark Stone.
4:27 of 3rd period - Shot Blocked by William Nylander.
4:37 of 3rd period - Shot by Tomas Tatar.
4:37 of 3rd period - Stopped by Darcy Kuemper without a rebound.
4:38 of 3rd period - Evgeni Malkin wins face-off versus Ross Colton in PITTSBURGH Penguins zone.
5:10 of 3rd period - Shot by Matthew Nieto.
5:10 of 3rd period - Stopped by Jack Campbell without a rebound.
5:11 of 3rd period - Max Domi wins face-off versus Gustav Nyquist in NEW JERSEY Devils zone.
5:25 of 3rd period - Off-side.
5:26 of 3rd period - Anton Lundell wins face-off versus Justin Kloos in neutral zone.
5:26 of 3rd period - Anton Lundell is hit by Milan Lucic.
6:28 of 3rd period - Shayne Gostisbehere is hit by Andrei Svechnikov.
6:50 of 3rd period - Shot by Gustav Nyquist.
6:50 of 3rd period - Shot Misses the Net.
7:18 of 3rd period - Shot by Oliver Bjorkstrand .
7:18 of 3rd period - Stopped by Jack Campbell without a rebound.
7:19 of 3rd period - Roope Hintz wins face-off versus Connor McDavid in NEW JERSEY Devils zone.
7:28 of 3rd period - Icing by Oliver Bjorkstrand .
7:29 of 3rd period - Evgeni Malkin wins face-off versus Connor McDavid in PITTSBURGH Penguins zone.
7:30 of 3rd period - Shot by Roope Hintz.
7:30 of 3rd period - Goal by Roope Hintz - NEW JERSEY Devils : 4 - PITTSBURGH Penguins : 4.
7:31 of 3rd period - Connor McDavid wins face-off versus Evgeni Malkin in neutral zone.
7:49 of 3rd period - Roope Hintz is hit by Connor McDavid and loses puck.
8:17 of 3rd period - Brad Marchand is hit by Oliver Kylington and loses puck.
9:51 of 3rd period - Minor Penalty to Erik Johnson for Slashing.
9:52 of 3rd period - Connor McDavid wins face-off versus Bryan Little in NEW JERSEY Devils zone.
9:55 of 3rd period - Shot by Oliver Bjorkstrand .
9:55 of 3rd period - Stopped by Jack Campbell without a rebound.
9:56 of 3rd period - Connor McDavid wins face-off versus Bryan Little in NEW JERSEY Devils zone.
10:13 of 3rd period - Shot by Jake Gardiner.
10:13 of 3rd period - Stopped by Jack Campbell without a rebound.
10:14 of 3rd period - Connor McDavid wins face-off versus Bryan Little in NEW JERSEY Devils zone.
10:39 of 3rd period - Icing by Connor McDavid.
10:40 of 3rd period - Bryan Little wins face-off versus Connor McDavid in PITTSBURGH Penguins zone.
10:40 of 3rd period - Bryan Little is hit by Jared Spurgeon .
11:00 of 3rd period - Shot by Jake Gardiner.
11:00 of 3rd period - Shot Misses the Net.
12:32 of 3rd period - Shot by Alexander Barabanov.
12:32 of 3rd period - Deflect By Ross Colton.
12:32 of 3rd period - Shot Blocked by Shayne Gostisbehere.
12:43 of 3rd period - Off-side.
12:44 of 3rd period - Anton Lundell wins face-off versus Connor McDavid in neutral zone.
13:03 of 3rd period - Shot by Oliver Bjorkstrand .
13:03 of 3rd period - Deflect By Brad Marchand.
13:03 of 3rd period - Stopped by Jack Campbell without a rebound.
13:04 of 3rd period - William Nylander wins face-off versus Max Domi in NEW JERSEY Devils zone.
13:21 of 3rd period - Icing by Troy Terry.
13:22 of 3rd period - Connor McDavid wins face-off versus Max Domi in NEW JERSEY Devils zone.
13:22 of 3rd period - Connor McDavid is hit by Samuel Girard.
13:36 of 3rd period - Shot by Connor McDavid.
13:36 of 3rd period - Stopped by Jack Campbell without a rebound.
13:37 of 3rd period - William Nylander wins face-off versus Evgeni Malkin in NEW JERSEY Devils zone.
13:37 of 3rd period - William Nylander is hit by Jordan Harris.
13:59 of 3rd period - Shot by William Nylander.
13:59 of 3rd period - Shot Misses the Net.
14:33 of 3rd period - Brad Marchand is hit by Roope Hintz and loses puck.
14:41 of 3rd period - Oliver Bjorkstrand is hit by Jordan Harris and loses puck.
14:44 of 3rd period - Shot by Brad Marchand.
14:44 of 3rd period - Shot Misses the Net.
15:17 of 3rd period - Icing by Brad Marchand.
15:18 of 3rd period - Max Domi wins face-off versus Connor McDavid in PITTSBURGH Penguins zone.
15:23 of 3rd period - Shot by Max Domi.
15:23 of 3rd period - Shot Misses the Net.
15:25 of 3rd period - Shot by Shayne Gostisbehere.
15:25 of 3rd period - Stopped by Darcy Kuemper without a rebound.
15:26 of 3rd period - Max Domi wins face-off versus Gustav Nyquist in PITTSBURGH Penguins zone.
15:41 of 3rd period - Shot by Gustav Nyquist.
15:41 of 3rd period - Stopped by Jack Campbell with a rebound.
16:47 of 3rd period - Shot by Mark Stone.
16:47 of 3rd period - Stopped by Darcy Kuemper without a rebound.
16:48 of 3rd period - Connor McDavid wins face-off versus Bryan Little in PITTSBURGH Penguins zone.
17:36 of 3rd period - Minor Penalty to Adam Larsson for Holding.
17:37 of 3rd period - Anton Lundell wins face-off versus Connor McDavid in PITTSBURGH Penguins zone.
17:37 of 3rd period - Anton Lundell is hit by Jake Gardiner.
17:49 of 3rd period - Shot by Shayne Gostisbehere.
17:49 of 3rd period - Stopped by Darcy Kuemper without a rebound.
17:50 of 3rd period - Max Domi wins face-off versus Connor McDavid in PITTSBURGH Penguins zone.
17:50 of 3rd period - Shayne Gostisbehere is hit by Jared Spurgeon and loses puck.
18:08 of 3rd period - Shayne Gostisbehere is hit by Kevin Connauton and loses puck.
18:18 of 3rd period - Icing by Shayne Gostisbehere.
18:19 of 3rd period - Max Domi wins face-off versus Connor McDavid in NEW JERSEY Devils zone.
18:29 of 3rd period - Shot by Max Domi.
18:29 of 3rd period - Stopped by Darcy Kuemper without a rebound.
18:30 of 3rd period - Anton Lundell wins face-off versus Oliver Bjorkstrand in PITTSBURGH Penguins zone.
19:37 of 3rd period - Shot by Alexander Barabanov.
19:37 of 3rd period - Deflect By Ross Colton.
19:37 of 3rd period - Stopped by Jack Campbell without a rebound.
19:38 of 3rd period - Evgeni Malkin wins face-off versus Ross Colton in NEW JERSEY Devils zone.
19:38 of 3rd period - Evgeni Malkin is hit by Matthew Nieto.
Goals for this period are 1 for NEW JERSEY Devils vs 0 for PITTSBURGH Penguins.
Shots for this period are 8 for NEW JERSEY Devils vs 10 for PITTSBURGH Penguins.

Overtime #1


0:01 of 1st overtime period - Max Domi wins face-off versus Ross Colton in neutral zone.
0:06 of 1st overtime period - Shot by Tomas Tatar.
0:06 of 1st overtime period - Shot Misses the Net.
0:12 of 1st overtime period - Shot by Tomas Tatar.
0:12 of 1st overtime period - Stopped by Darcy Kuemper without a rebound.
0:13 of 1st overtime period - Max Domi wins face-off versus Ross Colton in PITTSBURGH Penguins zone.
0:44 of 1st overtime period - Shot by Ross Colton.
0:44 of 1st overtime period - Stopped by Jack Campbell with a rebound.
0:46 of 1st overtime period - Shot by Ross Colton.
0:46 of 1st overtime period - Shot Blocked by Oliver Kylington.
1:15 of 1st overtime period - Shot by Sean Kuraly.
1:15 of 1st overtime period - Shot Blocked by Jake Gardiner.
1:23 of 1st overtime period - Shot by Sean Kuraly.
1:23 of 1st overtime period - Shot Misses the Net.
2:31 of 1st overtime period - Shot by Alexander Barabanov.
2:31 of 1st overtime period - Stopped by Jack Campbell without a rebound.
2:32 of 1st overtime period - Sean Kuraly wins face-off versus Justin Kloos in NEW JERSEY Devils zone.
2:40 of 1st overtime period - Shot by Sean Kuraly.
2:40 of 1st overtime period - Shot Misses the Net.
2:42 of 1st overtime period - Shot by Sam Bennett.
2:42 of 1st overtime period - Stopped by Darcy Kuemper without a rebound.
2:43 of 1st overtime period - Justin Kloos wins face-off versus Max Domi in PITTSBURGH Penguins zone.
2:59 of 1st overtime period - Off-side.
3:00 of 1st overtime period - Ross Colton wins face-off versus Max Domi in neutral zone.
3:17 of 1st overtime period - Shot by Ross Colton.
3:17 of 1st overtime period - Stopped by Jack Campbell without a rebound.
3:18 of 1st overtime period - Sean Kuraly wins face-off versus Justin Kloos in NEW JERSEY Devils zone.
3:41 of 1st overtime period - Shot by Sam Bennett.
3:41 of 1st overtime period - Shot Blocked by Adam Larsson.
3:58 of 1st overtime period - Icing by Oliver Kylington.
3:59 of 1st overtime period - Sean Kuraly wins face-off versus Ross Colton in NEW JERSEY Devils zone.
4:22 of 1st overtime period - Shot by Matthew Nieto.
4:22 of 1st overtime period - Stopped by Jack Campbell without a rebound.
4:23 of 1st overtime period - Justin Kloos wins face-off versus Max Domi in NEW JERSEY Devils zone.
4:26 of 1st overtime period - Shot by Matthew Nieto.
4:26 of 1st overtime period - Shot Misses the Net.
4:28 of 1st overtime period - Shot by Jake Gardiner.
4:28 of 1st overtime period - Deflect By Matthew Nieto.
4:28 of 1st overtime period - Shot Misses the Net.
4:30 of 1st overtime period - Shot by Matthew Nieto.
4:30 of 1st overtime period - Shot Misses the Net.
4:32 of 1st overtime period - Shot by Justin Kloos.
4:32 of 1st overtime period - Stopped by Jack Campbell without a rebound.
4:33 of 1st overtime period - Ross Colton wins face-off versus Max Domi in NEW JERSEY Devils zone.
Goals for this period are 0 for NEW JERSEY Devils vs 0 for PITTSBURGH Penguins.
Shots for this period are 2 for NEW JERSEY Devils vs 5 for PITTSBURGH Penguins.

ShootOut


5:00 of 1st overtime period - Round #1.
5:00 of 1st overtime period - NEW JERSEY Devils, Evgeni Malkin.
5:00 of 1st overtime period - Shot Misses the Net.
5:00 of 1st overtime period - PITTSBURGH Penguins, Connor McDavid.
5:00 of 1st overtime period - Stopped by Jack Campbell.
5:00 of 1st overtime period - Round #2.
5:00 of 1st overtime period - NEW JERSEY Devils, Anton Lundell.
5:00 of 1st overtime period - Goal by Anton Lundell.
5:00 of 1st overtime period - PITTSBURGH Penguins, Brad Marchand.
5:00 of 1st overtime period - Goal by Brad Marchand.
5:00 of 1st overtime period - Round #3.
5:00 of 1st overtime period - NEW JERSEY Devils, Max Domi.
5:00 of 1st overtime period - Stopped by Darcy Kuemper.
5:00 of 1st overtime period - PITTSBURGH Penguins, Oliver Bjorkstrand .
5:00 of 1st overtime period - Goal by Oliver Bjorkstrand .